 Dungeon Crawl Stone Soup version 0.28.0-43-g3370ac3207 (webtiles) character file.

Game seed: 10164736434289512270

8726 Kaptain the Geomancer (level 11, -2/69 HPs)
             Began as a Gargoyle Earth Elementalist on Mar 25, 2022.
             Slain by a komodo dragon (16 damage)
             ... on level 2 of the Lair of Beasts.
             The game lasted 00:20:35 (12267 turns).

Kaptain the Geomancer (GrEE)                       Turns: 12267, Time: 00:20:36

Health: -2/69      AC: 19    Str: 16    XL:     11   Next: 35%
Magic:  1/21       EV: 12    Int: 19    God:
Gold:   798        SH:  5    Dex:  8    Spells: 20/24 levels left

rFire   + . .      SeeInvis .   o - +8 dagger of Ruination {freeze, Str+3}
rCold   . . .      Faith    .   (no shield)
rNeg    + . .      Spirit   .   j - +0 leather armour
rPois   ∞          Reflect  +   q - +1 helmet
rElec   +          Harm     .   i - +0 cloak
rCorr   .          Rampage  .   (no gloves)
Will    .....                   (no boots)
Stlth   +++.......              e - amulet of reflection
HPRegen 0.21/turn               m - +4 ring of protection
MPRegen 0.17/turn               d - ring of Meos {rElec rPois rF+ Dex-2 Stlth+}

@: no status effects
A: sickness immunity, AC +8, negative energy resistance 1, electricity
resistance, torment resistance 1, petrification resistance
a: no special abilities


You were on level 2 of the Lair of Beasts.
You visited 3 branches of the dungeon, and saw 12 of its levels.

You collected 798 gold pieces.

Inventory:

Hand Weapons
 a - a +0 short sword
 o - the +8 dagger of Ruination (weapon) {freeze, Str+3}
   (You found it on level 2 of the Dungeon)

   It freezes those it strikes, dealing additional cold damage.
   It can also slow down cold-blooded creatures.
   Str:       It affects your strength (+3).
 y - a +2 spear of venom
 C - a +0 hunting sling
Missiles
 c - 278 stones
 r - 55 sling bullets
Armour
 g - a scarf of harm
 i - a +0 cloak (worn)
 j - a +0 leather armour (worn)
 q - a +1 helmet (worn)
 I - an orb of energy
Magical Staves
 p - a staff of fire
Jewellery
 d - the ring of Meos (right hand) {rElec rPois rF+ Dex-2 Stlth+}
   (You found it on level 5 of the Dungeon)

   [ring of poison resistance]

   Dex:       It affects your dexterity (-2).
   rF:        It protects you from fire.
   rElec:     It insulates you from electricity.
   rPois:     It protects you from poison.
   Stlth:     It makes you more stealthy.
 e - an amulet of reflection (around neck)
 l - a ring of willpower
 m - a +4 ring of protection (left hand)
 v - a ring of willpower
 G - an amulet of regeneration
Wands
 z - a wand of digging (5)
Scrolls
 n - a scroll of fog
 s - a scroll of enchant armour
 w - 3 scrolls of fear
 D - 2 scrolls of immolation {unknown}
 H - 2 scrolls of blinking {unknown}
 J - a scroll of identify
 K - a scroll of enchant weapon {unknown}
 L - 2 scrolls of teleportation
Potions
 b - 7 potions of curing
 f - a potion of magic
 h - a potion of invisibility
 k - 4 potions of mutation
 t - a potion of flight {unknown}
 u - 3 potions of heal wounds
 x - a potion of ambrosia {unknown}
 A - a potion of lignification {unknown}
 B - 2 potions of might
 E - 2 potions of haste
 F - a potion of berserk rage {unknown}


   Skills:
 * Level 8.3 Fighting
 + Level 5.7 Armour
 + Level 4.6 Dodging
 + Level 4.0 Stealth
 + Level 2.8 Shields
 * Level 7.2 Spellcasting
 * Level 8.2 Conjurations
 - Level 0.7 Transmutations
 * Level 9.7 Earth Magic


You had 20 spell levels left.
You knew the following spells:

 Your Spells              Type           Power      Damage    Failure   Level
a - Sandblast             Erth           86%        2d18      1%          1
b - Stone Arrow           Conj/Erth      82%        3d12      1%          3

Your spell library contained the following spells:

 Spells                   Type           Power      Damage    Failure   Level
 Passwall                 Tmut/Erth      21%        N/A       1%          2
 Beastly Appendage        Tmut           18%        N/A       9%          1
 Freeze                   Ice            24%        1d5       12%         1
 Wereblood                Tmut           9%         N/A       13%         2
 Petrify                  Tmut/Erth      26%        N/A       14%         4
 Hailstorm                Conj/Ice       22%        3d7       22%         4
 Spider Form              Tmut/Pois      8%         N/A       30%         3
 Frozen Ramparts          Ice            12%        1d3       34%         3


Dungeon Overview and Level Annotations

Branches:
Dungeon (9/15)             Temple (1/1) D:5            Lair (2/6) D:9
  Swamp: Lair:2-4    Shoals: Lair:2-4     Snake: Lair:2-4    Spider: Lair:2-4
    Orc: D:9-12

Altars:
Ashenzari
Cheibriados
Dithmenos
Elyvilon
Fedhas
Gozag
Hepliaklqana
Kikubaaqudgha
Makhleb
Nemelex Xobeh
Okawaru
Qazlal
Ru
Sif Muna
Trog
Uskayaw
Vehumet
Wu Jian
Xom
Yredelemnul
Zin
The Shining One

Shops:
D:6 [   D:8 !   D:9 *

Annotations:
D:3 2 transporters, Sondor's ghost, amateur DsAK


Innate Abilities, Weirdness & Mutations

You are immune to sickness and miasma.
Your stone body is resilient. (AC +8)
You are immune to poison.
You resist negative energy. (rN+)
You are resistant to electric shocks. (rElec)
You are resistant to unholy torment.
You are immune to petrification.


Message History

Aim: a komodo dragon (heavily wounded, 82% to hit)
The stone arrow hits the komodo dragon!
The komodo dragon is severely wounded.
The komodo dragon bites you!!
Casting: Stone Arrow (safe; 1% risk of failure)
Confirm with . or Enter, or press ? or * to list all spells.
Aiming: Stone Arrow (safe; 1% risk of failure)
Press: ? - help, Shift-Dir - straight line, f/p - komodo dragon
Aim: a komodo dragon (severely wounded, 82% to hit)
The stone arrow misses the komodo dragon.
You block the komodo dragon's attack.
Unknown command.
Casting: Stone Arrow (safe; 1% risk of failure)
Confirm with . or Enter, or press ? or * to list all spells.
Aiming: Stone Arrow (safe; 1% risk of failure)
Press: ? - help, Shift-Dir - straight line, f/p - komodo dragon
Aim: a komodo dragon (severely wounded, 82% to hit)
The stone arrow misses the komodo dragon.
The komodo dragon bites you.
Unknown command.
Casting: Stone Arrow (safe; 1% risk of failure)
Confirm with . or Enter, or press ? or * to list all spells.
Aiming: Stone Arrow (safe; 1% risk of failure)
Press: ? - help, Shift-Dir - straight line, f/p - komodo dragon
Aim: a komodo dragon (severely wounded, 82% to hit)
The stone arrow hits the komodo dragon!
The komodo dragon is almost dead.
The komodo dragon bites you!!
Unknown command.
Casting: Stone Arrow (safe; 1% risk of failure)
Confirm with . or Enter, or press ? or * to list all spells.
You don't have enough magic to cast this spell.
You closely miss the komodo dragon. Your punch misses the komodo dragon.
The komodo dragon is almost dead.
The komodo dragon bites you!
* * * LOW HITPOINT WARNING * * *
You hit the komodo dragon but do no damage.
The komodo dragon is almost dead.
The komodo dragon bites you!
You die...

#...## #...P# #<..##
#...## #....# ###...P#
######P.....##### ### #
##..#.#.......##.##..#.##.
.......##.##....@l........
.........⌠.#........÷.....
......#.....#.............
..#####⌠.<.⌠...#.##..#.##.
### .#.........## ### # #
#......##...### ###
#.#.#+..#.....###
....###.....#.......##
...#...#.....#.#####.#


You could see a komodo dragon.

Vanquished Creatures
  A two-headed ogre (D:8)
  Pikel (D:5)
  An ugly thing (D:9)
  A cyclops (D:9)
  A black mamba (Lair:2)
  2 cane toads
  A freezing wraith (D:9)
  A troll (D:9)
  A slime creature (D:8)
  2 vampires (D:9)
  2 wyverns
  A vampire mosquito (D:8)
  A steam dragon (D:8)
  3 water moccasins
  Duvessa (D:5)
  An orc warrior (D:9)
  3 necrophages
  A black bear (D:6)
  12 wolves
  A phantom (D:6)
  A lemure (D:4)
  3 centaurs
  4 kobold brigands (D:8)
  A wyvern zombie (D:7)
  3 bullfrogs
  2 scorpions
  A wyvern skeleton (D:7)
  Dowan (D:5)
  3 killer bees (D:8)
  4 vampire bats (D:3)
  4 electric eels
  3 centaur zombies
  A bullfrog zombie (D:6)
  4 jellies
  Crazy Yiuf (D:5)
  2 gnoll shamans
  An orc priest (D:4)
  3 hounds (D:9)
  2 centaur skeletons (D:7)
  3 iguanas
  Ijyb (D:3)
  Natasha (thrice) (D:2)
  3 orc wizards
  A hound zombie (D:5)
  3 hound skeletons (D:4)
  Robin (D:2)
  12 gnolls
  2 howler monkey zombies (D:9)
  10 adders
  3 shadow imps
  A white imp (D:7)
  4 worms (D:3)
  2 dart slugs (D:3)
  11 orcs
  6 endoplasms
  5 giant cockroaches
  11 goblins
  12 hobgoblins
  5 quokkas
  6 ball pythons
  8 bats
  7 frilled lizards
  16 kobolds
  7 rats
225 creatures vanquished.

Vanquished Creatures (others)
  4 fungi (Lair:2)
  2 plants (Lair:2)
6 creatures vanquished.

Grand Total: 231 creatures vanquished

Notes
Turn   | Place    | Note
-------+----------+-------------------------------------------
     0 | D:1      | Kaptain the Gargoyle Earth Elementalist began the quest for
                  | the Orb.
     0 | D:1      | Reached XP level 1. HP: 10/10 MP: 3/3
   125 | D:1      | Reached XP level 2. HP: 15/16 MP: 1/5
   376 | D:1      | Reached skill level 1 in Fighting
   376 | D:1      | Reached skill level 1 in Conjurations
   678 | D:2      | Reached XP level 3. HP: 20/20 MP: 4/6
   678 | D:2      | Noticed Natasha
   694 | D:2      | Learned a level 3 spell: Stone Arrow
   744 | D:2      | Reached skill level 4 in Earth Magic
  1153 | D:2      | Identified the +8 dagger of Ruination {freeze, Str+3}
  1172 | D:2      | Killed Natasha
  1276 | D:2      | Reached XP level 4. HP: 24/25 MP: 7/7
  1277 | D:2      | Noticed Robin
  1287 | D:2      | Killed Robin
  1288 | D:2      | Reached skill level 1 in Armour
  1366 | D:2      | Noticed Natasha
  1378 | D:2      | Killed Natasha
  1380 | D:2      | Noticed Natasha
  1385 | D:2      | Killed Natasha
  1386 | D:2      | Reached XP level 5. HP: 16/30 MP: 5/9
  1724 | D:3      | Noticed Sondor's ghost (amateur DsAK)
  1727 | D:3      | Found a transporter.
  2512 | D:3      | Found a faded altar of an unknown god.
  2554 | D:3      | Reached XP level 6. HP: 36/36 MP: 10/10
  2554 | D:3      | Noticed Ijyb
  2569 | D:3      | Killed Ijyb
  2593 | D:3      | Reached skill level 5 in Earth Magic
  2917 | D:3      | Found a transporter.
  3111 | D:4      | Reached XP level 7. HP: 41/41 MP: 12/12
  4205 | D:5      | Entered Level 5 of the Dungeon
  4207 | D:5      | Noticed Pikel
  4458 | D:5      | Identified the ring of Meos {rElec rPois rF+ Dex-2 Stlth+}
  4482 | D:5      | Noticed Duvessa
  4520 | D:5      | Found a runed translucent door.
  4521 | D:5      | Noticed Crazy Yiuf
  4526 | D:5      | Killed Crazy Yiuf
  4646 | D:5      | Found a broken altar of Ashenzari.
  4679 | D:5      | Found a staircase to the Ecumenical Temple.
  4679 | D:5      | Noticed Dowan
  4723 | D:5      | Killed Duvessa
  4724 | D:5      | Reached skill level 6 in Earth Magic
  4724 | D:5      | Reached XP level 8. HP: 20/48 MP: 0/14
  4727 | D:5      | Killed Dowan
  4764 | Temple   | Entered the Ecumenical Temple
  5295 | D:5      | Killed Pikel
  5296 | D:5      | Reached skill level 5 in Fighting
  5296 | D:5      | Reached skill level 5 in Conjurations
  5772 | D:6      | Reached XP level 9. HP: 54/54 MP: 12/16
  5920 | D:6      | Reached skill level 7 in Earth Magic
  6204 | D:6      | Reached skill level 5 in Spellcasting
  6510 | D:6      | Found Cyil Naq's Antique Armour Emporium.
  8025 | D:8      | Found Maacoth's Distillery.
  8028 | D:8      | Noticed a two-headed ogre
  8033 | D:8      | Killed a two-headed ogre
  8034 | D:8      | Reached skill level 8 in Earth Magic
  8269 | D:8      | Reached XP level 10. HP: 58/61 MP: 9/18
  9460 | D:9      | Noticed a cyclops
  9463 | D:9      | Killed a cyclops
  9464 | D:9      | Reached skill level 1 in Shields
  9582 | D:9      | Reached skill level 5 in Armour
  9768 | D:9      | Found a staircase to the Lair.
  9801 | D:9      | Reached skill level 9 in Earth Magic
 10262 | D:9      | Found Difuc's General Store.
 10508 | D:9      | Noticed a purple ugly thing
 10636 | D:9      | Noticed a sea snake
 10638 | D:9      | Noticed a boulder beetle
 10642 | D:9      | Noticed a lindwurm
 10646 | D:9      | a lindwurm changed into a tarantella
 10654 | D:9      | Killed a purple ugly thing
 10655 | D:9      | Reached XP level 11. HP: 68/68 MP: 5/21
 10712 | Lair:1   | Entered Level 1 of the Lair of Beasts
 12229 | Lair:2   | Noticed a boulder beetle
 12267 | Lair:2   | Slain by a komodo dragon

Illustrated notes

Levels and vault maps discovered:
D:1:      mrwooster_arrival_statue_3, layout_rooms, kennysheep_another_room
D:2:      layout_loops_ring, grunt_decor_fettered, uniq_robin, uniq_natasha
D:3:      minmay_chambers_of_twos, layout_basic, gammafunk_ghost_arena,
          shapermc_ecumenical_altar_ellora, roderic_batcave,
          minmay_curled_crystal, minmay_unequal, uniq_ijyb
D:4:      layout_basic, kennysheep_generic_room_14
D:5:      layout_rooms, cheibrodos_ashenzari_chains, minmay_temple_entry_mist,
          portal_sewer_entry_e, uniq_duvessa, uniq_crazy_yiuf_cottage,
          uniq_pikel
D:6:      layout_gridville, serial_shops, nicolae_shop_trees
D:7:      layout_basic
D:8:      minmay_distorted_concentric_squares, layout_basic, serial_shops, shop
D:9:      layout_cave_pools, erik_lair_island, serial_shops,
          nicolae_stop_n_shop_1, minmay_radiant
Temple:   nicolae_temple_the_god_donut
Lair:1:   layout_regular_city, grunt_megastairs_2, serial_bayou_shore_b,
          infiniplex_staircase_pool, lemuel_fruit_fields
Lair:2:   layout_hall_layers, grunt_megastairs_1

Skill      XL: |  1  2  3  4  5  6  7  8  9 10 11 |
---------------+----------------------------------+-----
Fighting       | 1 2 3 4 5 6 7 8 |  8.3
Conjurations   | 1 2 3 4 5 6 7 8 |  8.2
Earth Magic    | 4 5 6 8 9 |  9.7
Armour         | 1 2 3 4 5 |  5.7
Dodging        | 2 3 4 |  4.6
Spellcasting   | 3 4 5 6 7 |  7.2
Shields        | 2 |  2.8
Stealth        | 3 4 |  4.0
Transmutations | |  0.7

Action                   |  1- 3 |  4- 6 |  7- 9 | 10-12 || total
-------------------------+-------+-------+-------+-------++-------
Melee: Short sword       |    60 |       |       |       ||    60
       Punch             |     1 |     1 |     3 |       ||     5
       Dagger            |     4 |   101 |   129 |    52 ||   286
 Cast: Sandblast         |    22 |    19 |    34 |    42 ||   117
       Stone Arrow       |       |       |    56 |   106 ||   162
  Use: Scroll            |       |       |    14 |       ||    14
 Stab: Sleeping          |       |     4 |     3 |     1 ||     8
Armor: Robe              |     5 |       |       |       ||     5
       Leather armour    |     7 |    36 |    74 |    59 ||   176
Dodge: Dodged            |    38 |    44 |    73 |    87 ||   242
Block: Other             |    10 |    16 |    36 |    26 ||    88
       Reflection        |       |       |     1 |     2 ||     3
